 Dungeon Crawl Stone Soup version 0.27.1-35-g4d5d836560 (webtiles) character file.

Game seed: 12501868422576322016

13785 Froggeryz the Tainter (level 12, -5/85 HPs)
             Began as an Octopode Venom Mage on Oct 4, 2022.
             Was an Initiate of Gozag.
             Slain by a black mamba (8 damage)
             ... on level 2 of the Lair of Beasts.
             The game lasted 00:26:38 (16603 turns).

Froggeryz the Tainter (Octopode Venom Mage)        Turns: 16603, Time: 00:26:39

Health: -5/85      AC:  5    Str: 14    XL:     12   Next: 9%
Magic:  21/21      EV: 13    Int: 18    God:    Gozag
Gold:   620        SH:  0    Dex: 16    Spells: 14/23 levels left

rFire    . . .     SeeInvis +   v - +10 flail "Ciokh" {vorpal, Will+}
rCold    + . .     Faith    .   (no shield)
rNeg     . . .     Spirit   .   (helmet restricted)
rPois    .         Reflect  .   (no amulet)
rElec    .         Harm     .   l - +6 ring of strength
rCorr    .         Rampage  .   f - ring of see invisible
Will     +....                  n - +4 ring of protection
Stlth    ++++......             p - ring of protection from cold
HPRegen  0.24/turn              (no ring)
MPRegen  0.17/turn              (no ring)
                                (no ring)
                                (no ring)

@: lethally poisoned (-5 -> -48)
A: almost no armour, amphibious, 8 rings, camouflage 1, gelatinous body 1,
(nimble swimmer 1), tentacles
a: Renounce Religion, Potion Petition, Call Merchant, Bribe Branch


You were on level 2 of the Lair of Beasts.
You worshipped Gozag.
Gozag was pleased with you.
You visited 3 branches of the dungeon, and saw 12 of its levels.

You collected 1802 gold pieces.
You paid 1182 gold pieces to Gozag.

Inventory:

Hand Weapons
 v - the +10 flail "Ciokh" (weapon) {vorpal, Will+}
   (You found it on level 7 of the Dungeon)

   It inflicts extra damage upon your enemies.
   Will:      It increases your willpower.
Missiles
 e - 2 throwing nets
 i - 102 poisoned darts (quivered)
Jewellery
 f - a ring of see invisible (right tentacle)
 l - a +6 ring of strength (left tentacle)
 n - a +4 ring of protection (on tentacle)
 p - a ring of protection from cold (on tentacle)
 D - the ring of Ashenzari's Delight {rC- rN+++ rCorr EV+4 Slay-5}
   (You found it on level 1 of the Lair of Beasts)

   [ring of evasion]

   EV:        It affects your evasion (+4).
   Slay:      It affects your accuracy & damage with ranged weapons and melee
   (-5).
   rC:        It makes you vulnerable to cold.
   rN:        It renders you almost immune to negative energy.
   rCorr:     It protects you from acid and corrosion.
Wands
 b - a wand of paralysis (4)
 c - a wand of mindburst (10)
 g - a wand of flame (46)
 C - a wand of polymorph (9)
Scrolls
 d - 3 scrolls of teleportation
 j - 3 scrolls of amnesia
 k - a scroll of immolation
 m - 2 scrolls of magic mapping
 o - 2 scrolls of enchant armour
 w - a scroll of identify
 y - 2 scrolls of enchant weapon
 z - a scroll of fog
Potions
 a - 3 potions of haste
 h - a potion of cancellation
 q - a potion of resistance {unknown}
 r - a potion of invisibility
 s - a potion of attraction {unknown}
 t - a potion of flight {unknown}
 u - a potion of heal wounds {unknown}
 x - 2 potions of might {unknown}
 A - a potion of berserk rage {unknown}
 B - 2 potions of curing


   Skills:
 - Level 9.3 Fighting
 - Level 4.2 Maces & Flails
 - Level 2.0 Dodging
 - Level 6.0 Stealth
 + Level 4.6 Unarmed Combat
 - Level 6.0 Spellcasting
 + Level 2.6 Translocations
 + Level 3.0 Transmutations
 + Level 7.9 Air Magic
 - Level 12.6 Poison Magic


You had 14 spell levels left.
You knew the following spells:

 Your Spells              Type           Power      Damage    Failure   Level
a - Sting                 Tmut/Pois      100%       1d8       1%          1
b - Poisonous Vapours     Pois/Air       84%        N/A       1%          2
c - Olgreb's Toxic Radia  Pois           50%        N/A       1%          4
d - Blink                 Tloc           N/A        N/A       6%          2

Your spell library contained the following spells:

 Spells                   Type           Power      Damage    Failure   Level
 Mephitic Cloud           Conj/Pois/Air  30%        N/A       2%          3
 Passwall                 Tmut/Erth      8%         N/A       10%         2
 Animate Skeleton         Necr           10%        N/A       12%         1
 Pain                     Necr           20%        1d5       12%         1
 Sandblast                Erth           10%        2d5       12%         1
 Lesser Beckoning         Tloc           7%         N/A       12%         3
 Vampiric Draining        Necr           2%         2d6       34%         3
 Manifold Assault         Tloc           15%        N/A       73%         5
 Lee's Rapid Deconstruct  Erth           2%         3d6*      97%         5


Dungeon Overview and Level Annotations

Branches:
Dungeon (9/15)             Temple (1/1) D:7            Lair (2/6) D:9
 Shoals (0/4) Lair:2       Spider (0/4) Lair:2
    Orc: D:9-12

Altars:
Ashenzari
Cheibriados
Dithmenos
Elyvilon
Fedhas
Gozag
Hepliaklqana
Kikubaaqudgha
Makhleb
Nemelex Xobeh
Okawaru
Qazlal
Ru
Sif Muna
Trog
Uskayaw
Vehumet
Wu Jian
Xom
Yredelemnul
Zin
The Shining One

Shops:
Lair:1 *


Innate Abilities, Weirdness & Mutations

You cannot wear most types of armour.
You are amphibious.
You can wear up to eight rings at the same time.
Your skin changes colour to match your surroundings (Stealth+).
Your rubbery body absorbs attacks. (AC +1, EV +1)
((You are camouflaged near water. (Stealth+)))
You have tentacles for arms and can constrict up to eight enemies at once.


Message History

The black mamba is lightly wounded.
You constrict the black mamba.
You feel very sick. The black mamba bites you.
You are more poisoned.
The black mamba poisons you! The black mamba barely misses you.
You barely miss the black mamba. Your squeeze misses the black mamba.
The black mamba is lightly wounded.
You constrict the black mamba.
You feel extremely sick. The black mamba closely misses you. x2
You barely miss the black mamba.
The black mamba is moderately wounded.
You constrict the black mamba.
You feel very sick. The black mamba barely misses you.
The black mamba bites you! x2
You are lethally poisoned!
The black mamba poisons you!
You are too injured to fight recklessly!
You are too injured to fight recklessly!
You sock the black mamba!
The black mamba is heavily wounded.
You constrict the black mamba.
* * * LOW HITPOINT WARNING * * *
You feel extremely sick.
The black mamba bites you but does no damage.
The black mamba bites you.
* * * LOW HITPOINT WARNING * * *
You are more poisoned.
The black mamba poisons you!
Aiming: Paralyse
Press: ? - help, Shift-Dir - straight line, f - black mamba
Aim: a black mamba (severely wounded, constricted by you, chance to affect: 46%)
The black mamba resists with some effort.
You constrict the black mamba.
* * * LOW HITPOINT WARNING * * *
You feel extremely sick. The black mamba bites you!
You die...
Your body crumbles into a pile of gold.

# ##### ### #######
....# ##.###PPP..###
....##### #............#
....#.#.###...........##
...#......'.....@S.....#
.....#..###...........##
.....#### #####..###+.#
....## #### ..### #.#
..#. #>.# #P+##.#


You could see a black mamba.

Vanquished Creatures
  2 two-headed ogres
  Joseph (D:7)
  2 cane toads
  2 centaur zombies
  3 rime drakes (Lair:1)
  A troll (D:9)
  4 polar bears (Lair:1)
  Prince Ribbit (D:6)
  3 blink frogs (Lair:2)
  A raiju (Lair:1)
  18 yaks
  A basilisk (Lair:1)
  A steam dragon (D:8)
  2 water moccasins
  2 sky beasts
  3 ice beasts
  2 orc warriors
  17 wolves (Lair:1)
  2 black bears (D:7)
  4 ogres
  9 centaurs
  2 kobold brigands (D:7)
  A gnoll sergeant (D:9)
  6 bullfrogs
  A water moccasin zombie (D:7)
  A water moccasin skeleton (D:5)
  7 wights
  5 howler monkeys
  A jelly (D:6)
  4 orc priests
  A gnoll shaman (D:6)
  6 hounds
  Crazy Yiuf (D:3)
  A bullfrog skeleton (D:5)
  Jessica (D:3)
  Ijyb (D:3)
  An iguana (D:5)
  5 orc wizards
  A killer bee zombie (D:6)
  2 hound skeletons
  2 howler monkey zombies
  Robin (D:3)
  10 gnolls
  A howler monkey skeleton (D:6)
  7 adders
  2 shadow imps
  A worm (D:2)
  47 orcs
  7 bats
  2 endoplasms
  A giant cockroach (D:4)
  15 goblins
  7 hobgoblins
  2 jackals (D:1)
  4 quokkas
  7 ball pythons
  A frilled lizard (D:1)
  11 kobolds
  4 rats
261 creatures vanquished.

Vanquished Creatures (others)
  An orc (D:8)
  8 fungi
  12 plants
21 creatures vanquished.

Grand Total: 282 creatures vanquished

Notes
Turn   | Place    | Note
-------+----------+-------------------------------------------
     0 | D:1      | Froggeryz the Octopode Venom Mage began the quest for the
                  | Orb.
     0 | D:1      | Reached XP level 1. HP: 11/11 MP: 3/3
   576 | D:1      | Reached XP level 2. HP: 16/18 MP: 0/5
   804 | D:1      | You fall into a shaft and drop 1 floor!
   804 | D:2      | Found a faded altar of an unknown god.
   987 | D:1      | Reached skill level 1 in Unarmed Combat
  1296 | D:2      | Reached skill level 4 in Poison Magic
  1899 | D:2      | Reached skill level 1 in Fighting
  1899 | D:2      | Reached XP level 3. HP: 23/23 MP: 4/6
  2323 | D:2      | Reached XP level 4. HP: 29/29 MP: 3/7
  2714 | D:3      | Noticed Jessica
  2721 | D:3      | Killed Jessica
  2722 | D:3      | Reached XP level 5. HP: 28/34 MP: 5/8
  2934 | D:3      | Noticed an ogre
  2955 | D:3      | Killed an ogre
  2956 | D:3      | Reached skill level 5 in Stealth
  2956 | D:3      | Reached skill level 5 in Poison Magic
  2976 | D:3      | Noticed Robin
  3381 | D:3      | Noticed Ijyb
  3457 | D:2      | Learned a level 2 spell: Poisonous Vapours
  3470 | D:3      | Paralysed by Ijyb for 2 turns
  3474 | D:3      | Paralysed by Ijyb for 3 turns
  3482 | D:3      | Killed Ijyb
  3483 | D:3      | Reached XP level 6. HP: 16/42 MP: 3/9
  3687 | D:3      | Killed Robin
  3729 | D:3      | HP: 3/63 [orc (3)]
  4627 | D:3      | Found a runed translucent door.
  4628 | D:3      | Noticed Crazy Yiuf
  4648 | D:3      | Killed Crazy Yiuf
  5502 | D:4      | Reached skill level 6 in Poison Magic
  5503 | D:4      | Reached XP level 7. HP: 44/46 MP: 5/10
  6397 | D:4      | Found a broken altar of Ashenzari.
  6536 | D:5      | Entered Level 5 of the Dungeon
  7519 | D:6      | Reached skill level 7 in Poison Magic
  7750 | D:6      | Reached XP level 8. HP: 52/54 MP: 8/13
  7815 | D:6      | Reached skill level 5 in Fighting
  7848 | D:6      | Noticed Prince Ribbit
  7858 | D:6      | Killed Prince Ribbit
  8524 | D:6      | Reached skill level 8 in Poison Magic
  8779 | D:6      | Reached skill level 1 in Air Magic
  9256 | D:7      | Reached XP level 9. HP: 62/62 MP: 7/15
  9741 | D:7      | Identified the +10 flail "Ciokh" {vorpal, Will+}
  9829 | D:7      | Learned a level 4 spell: Olgreb's Toxic Radiance
 10408 | D:7      | Reached skill level 9 in Poison Magic
 10604 | D:7      | Noticed Joseph
 10620 | D:7      | Killed Joseph
 11145 | D:7      | Found a staircase to the Ecumenical Temple.
 11151 | Temple   | Entered the Ecumenical Temple
 11254 | Temple   | Became a worshipper of Gozag Ym Sagoz the Greedy
 11458 | D:8      | Reached skill level 10 in Poison Magic
 11458 | D:8      | Reached XP level 10. HP: 28/72 MP: 1/16
 11702 | D:8      | Reached skill level 5 in Air Magic
 11811 | D:8      | Noticed a two-headed ogre
 11857 | D:8      | Killed a two-headed ogre
 12164 | D:9      | Reached skill level 11 in Poison Magic
 12564 | D:9      | Noticed a two-headed ogre
 12602 | D:9      | Killed a two-headed ogre
 12603 | D:9      | Reached XP level 11. HP: 80/80 MP: 13/17
 13037 | D:9      | Reached skill level 1 in Maces & Flails
 13470 | D:9      | Found a staircase to the Lair.
 13610 | Lair:1   | Entered Level 1 of the Lair of Beasts
 13832 | D:9      | Reached skill level 5 in Spellcasting
 13832 | D:9      | Reached skill level 12 in Poison Magic
 14325 | Lair:1   | Identified the ring of Ashenzari's Delight {rC- rN+++ rCorr
                  | EV+4 Slay-5}
 14912 | Lair:1   | Learned a level 2 spell: Blink
 15489 | Lair:1   | Reached skill level 1 in Translocations
 15964 | Lair:1   | You fall into a shaft and drop 1 floor!
 16307 | Lair:2   | Reached XP level 12. HP: 71/85 MP: 17/21
 16375 | Lair:2   | Found a hole to the Spider Nest.
 16537 | Lair:2   | Found a staircase to the Shoals.
 16603 | Lair:2   | HP: 3/85 [poisoned by a black mamba]
 16603 | Lair:2   | Slain by a black mamba

Illustrated notes

Levels and vault maps discovered:
D:1:      dpeg_arrival_refuge, layout_loops_corners
D:2:      layout_loops_corners, chequers_ecumenical_altar_simple_redux
D:3:      layout_loops_ring, uniq_ijyb, uniq_robin, uniq_crazy_yiuf_cottage,
          uniq_jessica
D:4:      wander_river, layout_basic, mainiacjoe_overflow_alcove_2,
          minivault_27, bh_walls_and_bars
D:5:      layout_basic
D:6:      layout_basic, uniq_prince_ribbit1
D:7:      layout_cave_pods, temple_doors_ab, uniq_joseph
D:8:      layout_rooms, special_room [special_room_orc]
D:9:      layout_rooms, dpeg_oklobed_lair, centaur_isle
Temple:   compressed_dpeg_circular_temple
Lair:1:   beast_lair_carwin_large_4, layout_layer_cave,
          cheibrodos_lair_lostbears, grunt_megastairs_4, lemuel_fruit_tree
Lair:2:   layout_roguey, shoals_dummy_entry, dummy_spider_entry

Skill      XL: |  1  2  3  4  5  6  7  8  9 10 11 12 |
---------------+-------------------------------------+-----
Stealth        | 3 4 5 6 |  6.0
Unarmed Combat | 1 2 4 |  4.6
Poison Magic   | 4 5 6 7 8 10 11 12 | 12.6
Fighting       | 1 2 3 4 6 7 9 |  9.3
Spellcasting   | 3 4 6 |  6.0
Air Magic      | 1 4 7 |  7.9
Maces & Flails | 4 |  4.2
Translocations | 2 |  2.6
Transmutations | 2 3 |  3.0
Dodging        | |  2.0

Action                   |  1- 3 |  4- 6 |  7- 9 | 10-12 || total
-------------------------+-------+-------+-------+-------++-------
Melee: Unarmed           |    16 |    77 |   116 |       ||   209
       Constrict         |     4 |    19 |    33 |    24 ||    80
       Tentacles         |     2 |    16 |    42 |    22 ||    82
       Punch             |       |       |     1 |     1 ||     2
       Flail             |       |       |    33 |   101 ||   134
Throw: Dart              |     6 |     3 |     5 |     2 ||    16
 Cast: Sting             |    37 |    71 |    17 |     7 ||   132
       Poisonous Vapours |       |    12 |    70 |    54 ||   136
       Olgreb's Toxic Ra |       |       |     7 |    37 ||    44
Invok: Potion Petition   |       |       |       |     1 ||     1
       Call Merchant     |       |       |       |     1 ||     1
Evoke: Wand              |       |       |    28 |     7 ||    35
  Use: Scroll            |       |     8 |     1 |     5 ||    14
       Potion            |       |     2 |     2 |     1 ||     5
 Stab: Sleeping          |     2 |     3 |     3 |     1 ||     9
       Paralysed         |       |       |     5 |     1 ||     6
       Distracted        |       |       |       |     1 ||     1
Armor: Skin              |     2 |    15 |    33 |    41 ||    91
Dodge: Dodged            |    29 |    83 |   101 |   124 ||   337
